 Dungeon Crawl Stone Soup version 0.29.1-13-g9f3cf754e1 (webtiles) character file.

Game seed: 9436621865240877459

72 hawla the Chiller (level 4, -1/29 HPs)
             Began as a Meteoran Ice Elementalist on Feb 9, 2023.
             Killed by vampiric draining
             ... invoked by Priul's ghost
              (17 damage)
             ... on level 4 of the Dungeon.
             The game lasted 00:04:18 (694 turns).

hawla the Chiller (Meteoran Ice Elementalist)        Turns: 694, Time: 00:04:19

Health: -1/29      AC:  3    Str:  9    XL:     4   Next: 79%
Magic:  8/10       EV: 12    Int: 18    God:
Gold:   122        SH:  0    Dex: 15    Spells: 6/10 levels left

rFire   . . .      SeeInvis .   p - +10 hammer of Taxation {flame, rC++}
rCold   + + .      Faith    .   (no shield)
rNeg    . . .      Spirit   .   a - +0 robe
rPois   .          Reflect  .   (no helmet)
rElec   .          Harm     .   o - +0 cloak
rCorr   .          Rampage  .   (no gloves)
Will    .....                   (no boots)
Stlth   +.........              (no amulet)
HPRegen 0.09/turn               (no ring)
MPRegen 0.12/turn               (no ring)

@: freezing walls, glowing
A: sense surroundings 1, otherworldly, glowing, explore regen, frail 1
a: no special abilities


You were on level 4 of the Dungeon.
You visited 1 branch of the dungeon, and saw 4 of its levels.

You collected 122 gold pieces.

Inventory:

Hand Weapons
 h - the +5 dagger "Inovioc" {vorpal, Contam rPois rN+}
   (You found it on level 2 of the Dungeon)

   It inflicts extra damage upon your enemies.
   rPois:     It protects you from poison.
   rN:        It protects you from negative energy.
   Contam:    It causes magical contamination when unequipped.
 p - the +10 hammer of Taxation (weapon) {flame, rC++}
   (You found it on level 3 of the Dungeon)

   It burns those it strikes, dealing additional fire damage.
   rC:        It greatly protects you from cold.
Armour
 a - a +0 robe (worn)
 o - a +0 cloak (worn)
Scrolls
 c - 2 scrolls of enchant armour {unknown}
 d - a scroll of teleportation {unknown}
 j - a scroll of identify {unknown}
 l - a scroll of silence {unknown}
 m - a scroll of enchant weapon {unknown}
 q - a scroll of torment {unknown}
 s - a scroll of blinking {unknown}
Potions
 b - 2 potions of magic
 e - a potion of haste {unknown}
 f - a potion of mutation {unknown}
 g - 2 potions of resistance {unknown}
 i - a potion of attraction {unknown}
 k - a potion of lignification {unknown}
 n - a potion of berserk rage {unknown}
 r - a potion of degeneration {unknown}


   Skills:
 + Level 0.4 Short Blades
 + Level 2.5 Dodging
 - Level 1.4 Stealth
 + Level 3.9 Spellcasting
 + Level 5.5 Ice Magic


You had 6 spell levels left.
You knew the following spells:

 Your Spells              Type           Power      Damage    Failure   Level
a - Freeze                Ice            92%        1d10      1%          1
b - Frozen Ramparts       Ice            46%        1d7       4%          3

Your spell library contained the following spells:

 Spells                   Type           Power      Damage    Failure   Level
 Ozocubu's Armour         Ice            23%        N/A       4%          3
 Hailstorm                Conj/Ice       13%        3d5       43%         4


Dungeon Overview and Level Annotations

Branches:
Dungeon (4/15) Zot: 1703
 Temple: D:4-7

Altars:

Annotations:
D:4 Priul's ghost, amateur DENe


Innate Abilities, Weirdness & Mutations

You passively map a small area around you.
You are easily found by Zot.
You glow in the dark.
You regain HP and MP as you explore.
You are frail. (-10% HP)


Message History

Here: Priul's ghost (fire blocked by a runed translucent door)
The floor.
As you open the large door, it creaks loudly!
You barely miss Priul's ghost.
Priul's ghost hits you but does no damage.
You hit Priul's ghost. You burn Priul's ghost.
Priul's ghost is lightly damaged.
Priul's ghost hits you. Priul's ghost misses you.
You hit Priul's ghost. You burn Priul's ghost.
Priul's ghost is lightly damaged.
Priul's ghost hits you.
You hit Priul's ghost. You burn Priul's ghost.
Priul's ghost is moderately damaged.
Priul's ghost closely misses you. Priul's ghost misses you.
You closely miss Priul's ghost.
Priul's ghost is moderately damaged.
Priul's ghost hits you.
Casting: Freeze (safe; 1% risk of failure)
Confirm with . or Enter, or press ? or * to list all spells.
The spell is quite dangerous to miscast (4% risk of failure)!
Continue anyway?
Okay, then.
Casting: Frozen Ramparts (quite dangerous; 4% risk of failure)
Confirm with . or Enter, or press ? or * to list all spells.
The spell is quite dangerous to miscast (4% risk of failure)!
Continue anyway?
Casting: Frozen Ramparts (quite dangerous; 4% risk of failure)
Press: ? - help, Dir - look around, f - activate The walls around you are covered in ice.
The wall freezes Priul's ghost but does no damage.
Priul's ghost closely misses you.
You hit Priul's ghost. You burn Priul's ghost.
Priul's ghost is heavily damaged.
The wall freezes Priul's ghost.
Priul's ghost hits you.
You hit Priul's ghost. You burn Priul's ghost.
Priul's ghost is almost destroyed.
The wall freezes Priul's ghost but does no damage.
Priul's ghost closely misses you.
The wall freezes Priul's ghost but does no damage.
Priul's ghost draws life force from you!
Ouch! That really hurt!
You die...

#.........# .#
##.#...##### *
#...#.......#
###...#####..,
, ##.#######
*#
#.....#.##.#
#..#..#~..###
#..#..#~.~..#
#....@W.#≈.##
#.....'.$.(~#
*
##.#..#.⌠..##
, #.#..#~~#.#
* ,
#.#####.~## ,
* * ### * ,
>,,, * *


You could see Priul's ghost.

Vanquished Creatures
  Crazy Yiuf (D:3)
  An adder (D:3)
  4 orcs (D:3)
  An endoplasm (D:1)
  2 giant cockroaches
  A goblin (D:1)
  4 hobgoblins
  2 quokkas (D:3)
  2 ball pythons
  2 bats
  3 frilled lizards
  4 kobolds
  4 rats
31 creatures vanquished.

Notes
Turn   | Place    | Note
-------+----------+-------------------------------------------
     0 | D:1      | hawla the Meteoran Ice Elementalist began the quest for the
                  | Orb.
     0 | D:1      | Reached XP level 1. HP: 14/14 MP: 5/5
    66 | D:1      | Reached XP level 2. HP: 13/20 MP: 2/6
   185 | D:2      | Reached skill level 5 in Ice Magic
   265 | D:2      | Identified the +5 dagger "Inovioc" {vorpal, Contam rPois
                  | rN+}
   277 | D:2      | Reached XP level 3. HP: 17/26 MP: 8/8
   306 | D:3      | Learned a level 3 spell: Frozen Ramparts
   520 | D:3      | Reached XP level 4. HP: 22/33 MP: 4/10
   560 | D:3      | Found a runed translucent door.
   561 | D:3      | Noticed Crazy Yiuf
   567 | D:3      | Killed Crazy Yiuf
   577 | D:3      | Identified the +10 hammer of Taxation {flame, rC++}
   592 | D:3      | Gained mutation: You are frail. (-10% HP) [mutagenic glow]
   677 | D:4      | Found a large runed translucent door.
   681 | D:4      | Found a large runed translucent door.
   681 | D:4      | Noticed Priul's ghost (amateur DENe)
   694 | D:4      | Killed from afar by Priul's ghost

Illustrated notes

Levels and vault maps discovered:
D:1:      heliophobic_arrival_ceremonial_halls, layout_loops_ring,
          hellmonk_ecumenical_altar_defaced_shrine, minmay_pentomino_t4
D:2:      minmay_diamond_boxcup, layout_basic, uniq_robin
D:3:      layout_rooms, uniq_crazy_yiuf_cottage
D:4:      layout_loops_ring, mainiacjoe_overflow_boulevard,
          ebering_ghost_disaster_area

Skill      XL: |  1  2  3 |
---------------+----------+-----
Ice Magic      | 5 |  5.5
Spellcasting   | 3 |  3.9
Short Blades   | |  0.4
Dodging        | |  2.5
Stealth        | |  1.4

Action                   |  1- 3 |  4- 6 || total
-------------------------+-------+-------++-------
Melee: Dagger            |    18 |       ||    18
       Unarmed           |     2 |       ||     2
       Mace              |       |     8 ||     8
 Cast: Freeze            |    27 |     2 ||    29
       Frozen Ramparts   |     1 |     2 ||     3
Armor: Robe              |     6 |     1 ||     7
Dodge: Dodged            |    22 |     7 ||    29
